 Dungeon Crawl Stone Soup version 0.17-a0-1882-g750edc8 (webtiles) character file.

409149 ololoev the Executioner (level 21, -33/194 HPs)
             Began as a Minotaur Berserker on Sept 21, 2015.
             Was the Champion of the Shining One.
             Killed from afar by an ancient lich (45 damage)
             ... with a fireball
             ... on level 3 of the Crypt on Sept 22, 2015.
             The game lasted 04:03:07 (25195 turns).

ololoev the Executioner (Minotaur Berserker)       Turns: 25195, Time: 04:03:07

Health: -33/194    AC: 34    Str: 24    XL:     21   Next: 74%
Magic:  29/38      EV: 18    Int:  6    God:    the Shining One [******]
Gold:   594        SH:  0    Dex: 14    Spells: 3 memorised, 11 levels left

rFire  . . .     SeeInvis .     a - +9 executioner's axe (holy)
rCold  . . .     Clarity  .     y - +12 chain mail of the Volcano {rElec rPois Str-3 Dex-5}
rNeg   + + +     SustAt   .     (no shield)
rPois  +         Gourm    .     A - +2 hat
rElec  +         Spirit   .     p - +2 cloak
rCorr  .         Warding  .     C - +1 pair of gloves {Str+3}
rMut   .         Stasis   .     Q - +0 pair of boots of Inerem {Regen+}
MR     ++...                    S - amulet of regeneration
Stlth  ..........               i - ring of the Octopus King {MP+9 AC+1 EV+1 Str+1 Int+1 Dex+1}
                                m - ring of protection from magic

@: corroded equipment, very slightly contaminated, slowed, glowing, very slow,
very resistant to hostile enchantments, extremely unstealthy
A: retaliatory headbutt, horns 2
a: Divine Shield, Cleansing Flame, Summon Divine Warrior, Renounce Religion
}: 4/15 runes: decaying, slimy, abyssal, gossamer


Innate Abilities, Weirdness & Mutations

You reflexively headbutt those who attack you in melee.
You have a pair of horns on your head.

Inventory:

Hand weapons
 a - a +9 executioner's axe of holy wrath (weapon)
Armour
 p - a +2 cloak (worn)
 y - the +12 chain mail of the Volcano (worn) {rElec rPois Str-3 Dex-5}
   (You found it on level 3 of the Elven Halls)

   It affects your strength (-3).
   It affects your dexterity (-5).
   It insulates you from electricity.
   It protects you from poison.
 A - a +2 hat (worn)
 C - a +1 pair of gloves of strength (worn)
 Q - the +0 pair of boots of Inerem (worn) {Regen+}
   (You found it on level 3 of the Elven Halls)

   It increases your rate of regeneration.
Rods
 Z - a +1 rod of shadows (10/10)
   (You found it on level 13 of the Dungeon)
Jewellery
 i - a ring of the Octopus King (right hand) {MP+9 AC+1 EV+1 Str+1 Int+1 Dex+1}
   (You took it off a crimson imp on level 15 of the Dungeon)

   [ring of magical power]

   It affects your AC (+1).
   It affects your evasion (+1).
   It affects your strength (+1).
   It affects your intelligence (+1).
   It affects your dexterity (+1).
   It affects your magic capacity (+9).
 l - an uncursed ring of sustain attributes
 m - a ring of protection from magic (left hand)
 B - an uncursed ring of teleportation
 E - an uncursed ring of protection from fire
 F - the ring "Vara" {Wiz rN+ Int+4}
   (You found it on level 15 of the Dungeon)

   [ring of wizardry]

   It improves your spell success rate.
   It affects your intelligence (+4).
   It protects you from negative energy.
 S - an amulet of regeneration (around neck)
Magical devices
 u - a wand of teleportation (3)
 w - a wand of digging (9)
 I - a wand of heal wounds (1)
 K - a wand of disintegration (5)
 R - a wand of cold (0)
 V - a wand of fireball (0)
Scrolls
 b - a scroll of identify
 e - a scroll of enchant armour
 f - a scroll of fear
 k - 8 scrolls of remove curse
 o - a scroll of immolation
 r - a scroll of magic mapping
 G - a scroll of summoning
 H - 4 scrolls of recharging
 P - a scroll of teleportation
Potions
 d - a potion of agility
 g - 4 potions of haste
 h - 6 potions of curing
 q - 4 potions of flight
 s - 2 potions of might
 O - 2 potions of brilliance
 T - a potion of ambrosia
Miscellaneous
 j - a legendary deck of defence {the Alchemist, drawn: 2}
 n - a plain deck of escape {the Elixir, drawn: 4}
 t - a plain deck of wonders {Dowsing}
 v - a fan of gales
 x - a sack of spiders
 D - a sack of spiders {used: 8}
 X - a lamp of fire
Comestibles
 J - 2 bread rations
 L - 3 slices of pizza
 U - 3 meat rations


   Skills:
 - Level 18.1 Fighting
 - Level 26.0 Axes
 - Level 8.7 Throwing
 - Level 18.0 Armour
 - Level 16.1 Dodging
 + Level 8.9 Translocations
 * Level 7.1 Invocations
 - Level 12.0 Evocations


You had 11 spell levels left.
You knew the following spells:

 Your Spells              Type           Power        Failure   Level  Hunger
a - Apportation           Tloc           ##........   6%          1    ##.....
b - Blink                 Tloc           N/A          10%         2    ###....
c - Haste                 Chrm           #.......     100%        6    #######


You were on level 3 of the Crypt.
You worshipped the Shining One.
The Shining One was exalted by your worship.
You were not hungry.

You visited 11 branches of the dungeon, and saw 51 of its levels.
You visited the Abyss 1 time.
You also visited: Sewer and Ice Cave.

You collected 3708 gold pieces.
You spent 1967 gold pieces at shops.
You donated 1147 gold pieces to Zin.

#.#.#.# # #.....# #
#.....# # #.....# #
#.....# ## #.....#
##.
#2'##############..
#.L.^..............
#.@...............#
###################
...............[=
.................
######''#########
.....P..P........
..P.P....PP......
.P.PP....P.......
....PV....PP.....

Notes
Turn   | Place    | Note
--------------------------------------------------------------
     0 | D:1      | ololoev the Minotaur Berserker began the quest for the Orb.
     0 | D:1      | Reached XP level 1. HP: 19/19 MP: 0/0
   118 | D:3      | Reached skill level 4 in Axes
   131 | D:3      | Reached XP level 2. HP: 24/26 MP: 1/1
   440 | D:4      | Acquired Trog's second power
   440 | D:4      | Reached XP level 3. HP: 31/31 MP: 2/2
   525 | D:4      | Noticed Edmund
   538 | D:4      | Killed Edmund
   538 | D:4      | Reached skill level 6 in Axes
   538 | D:4      | Reached XP level 4. HP: 39/39 MP: 0/3
   538 | D:4      | Reached XP level 5. HP: 45/45 MP: 0/4
   554 | D:4      | Noticed Eustachio
   606 | D:4      | Killed Eustachio
   606 | D:4      | Reached skill level 7 in Axes
   606 | D:4      | Reached skill level 5 in Armour
   606 | D:4      | Reached XP level 6. HP: 45/51 MP: 5/5
   649 | D:5      | Entered Level 5 of the Dungeon
   820 | D:6      | Found Ycoelakk's Jewellery Shop.
   861 | D:6      | Reached skill level 8 in Axes
   861 | D:6      | Reached XP level 7. HP: 57/57 MP: 6/6
   959 | D:6      | Found a glowing drain.
   965 | Sewer    | Entered a sewer
  1251 | Sewer    | Acquired Trog's third power
  1578 | D:7      | Reached skill level 9 in Axes
  1597 | D:7      | Found a radiant altar of Vehumet.
  1726 | D:8      | Found Matexuigg's Assorted Antiques.
  1814 | D:8      | Found Jemnoex's Armour Shoppe.
  1870 | D:9      | Found a staircase to the Orcish Mines.
  1877 | D:9      | Reached XP level 8. HP: 56/64 MP: 4/7
  1906 | D:9      | Found a roughly hewn altar of Beogh.
  1912 | D:9      | Reached skill level 10 in Axes
  1975 | D:9      | Noticed a wyvern
  1980 | D:9      | Killed a wyvern
  1981 | D:9      | Noticed a deep elf mage
  1997 | D:9      | Killed a deep elf mage
  2080 | D:9      | Noticed a troll
  2084 | D:9      | Killed a troll
  2084 | D:9      | Reached skill level 11 in Axes
  2135 | D:10     | Entered Level 10 of the Dungeon
  2173 | D:10     | Noticed Psyche
  2179 | D:10     | Killed Psyche
  2241 | D:10     | Found a staircase to the Lair.
  2251 | D:10     | Reached XP level 9. HP: 64/70 MP: 6/8
  2256 | Lair:1   | Entered Level 1 of the Lair of Beasts
  2283 | Lair:1   | Found a frozen archway.
  2295 | IceCv    | Entered an ice cave
  2327 | IceCv    | Reached skill level 12 in Axes
  2534 | IceCv    | Noticed an ice statue
  2534 | IceCv    | Noticed an ice statue
  2543 | IceCv    | Killed an ice statue
  2543 | IceCv    | Reached skill level 5 in Fighting
  2597 | IceCv    | Killed an ice statue
  2597 | IceCv    | Reached skill level 13 in Axes
  2687 | IceCv    | Reached XP level 10. HP: 81/81 MP: 6/9
  2744 | IceCv    | Reached skill level 5 in Dodging
  2835 | IceCv    | Noticed a necromancer
  2851 | IceCv    | Killed a necromancer
  2851 | IceCv    | Reached skill level 10 in Armour
  3069 | Lair:2   | Reached skill level 14 in Axes
  3326 | Lair:3   | Noticed a four-headed hydra
  3327 | Lair:3   | Noticed Snorg
  3384 | Lair:2   | Noticed a six-headed hydra
  3576 | Lair:2   | Reached XP level 11. HP: 63/92 MP: 8/10
  3715 | Lair:2   | Killed a six-headed hydra
  3760 | Lair:2   | Killed an eight-headed hydra
  3780 | Lair:2   | Reached skill level 15 in Axes
  3914 | Lair:3   | Killed Snorg
  4128 | Lair:3   | Gained mutation: Armour fits poorly on your strangely shaped body. [potion of mutation]
  4128 | Lair:3   | Gained mutation: You tend to lose your temper in combat. [potion of mutation]
  4129 | Lair:3   | Lost mutation: You tend to lose your temper in combat. [potion of cure mutation]
  4129 | Lair:3   | Lost mutation: Armour fits poorly on your strangely shaped body. [potion of cure mutation]
  4201 | Lair:3   | Noticed a black mamba
  4218 | Lair:3   | Killed a black mamba
  4322 | Lair:4   | Found a hole to the Spider Nest.
  4322 | Lair:4   | Noticed a six-headed hydra
  4469 | D:9      | Found Don Uboch's Magic Scroll Shoppe.
  4476 | D:9      | Bought a scroll of random uselessness for 15 gold pieces
  4476 | D:9      | Bought a scroll of noise for 15 gold pieces
  4476 | D:9      | Bought a scroll of magic mapping for 52 gold pieces
  4476 | D:9      | Bought a scroll of identify for 30 gold pieces
  4476 | D:9      | Bought a scroll of identify for 30 gold pieces
  4476 | D:9      | Bought a scroll of identify for 30 gold pieces
  4533 | D:9      | Found an opulent altar of Gozag.
  4539 | D:9      | Found a glowing silver altar of Zin.
  4593 | D:9      | Noticed a yak
  4600 | D:9      | Noticed a yak
  4602 | D:9      | Noticed a yak
  4603 | D:9      | Killed a yak
  4605 | D:9      | Noticed a yak
  4605 | D:9      | Noticed a yak
  4605 | D:9      | Noticed a yak
  4609 | D:9      | Killed a yak
  4611 | D:9      | Killed a yak
  4613 | D:9      | Killed a yak
  4615 | D:9      | Killed a yak
  4619 | D:9      | Killed a yak
  4702 | D:9      | Noticed nago's ghost (experienced VSSu)
  4728 | D:9      | Killed nago's ghost
  4795 | Orc:1    | Entered Level 1 of the Orcish Mines
  4893 | Orc:2    | Received a gift from Trog
  5041 | Orc:2    | Noticed Erolcha
  5044 | Orc:2    | Reached XP level 12. HP: 92/104 MP: 6/11
  5056 | Orc:2    | Killed Erolcha
  5056 | Orc:2    | Reached skill level 16 in Axes
  5084 | Orc:2    | Found Ifinel's Distillery.
  5095 | Orc:2    | Bought a potion of heal wounds for 60 gold pieces
  5095 | Orc:2    | Bought a potion of curing for 36 gold pieces
  5095 | Orc:2    | Bought a potion of poison for 12 gold pieces
  5095 | Orc:2    | Bought a potion of curing for 36 gold pieces
  5167 | Orc:4    | Entered Level 4 of the Orcish Mines
  5189 | Orc:3    | Noticed an orc warlord
  5207 | Orc:3    | Killed an orc warlord
  5263 | Orc:3    | Received a gift from Trog
  5290 | Orc:3    | Found a staircase to the Elven Halls.
  5339 | Orc:4    | Identified a scroll of acquirement
  5404 | Orc:4    | Noticed Urug
  5406 | Orc:4    | Killed Urug
  5410 | Orc:4    | Noticed an orc warlord
  5556 | Orc:4    | Found a roughly hewn altar of Beogh.
  5569 | Orc:4    | Killed an orc warlord
  5569 | Orc:4    | Reached skill level 10 in Fighting
  5579 | Orc:4    | Found Waqul's Antique Armour Shop.
  5579 | Orc:4    | Reached skill level 17 in Axes
  5596 | Orc:4    | Found Qoriaw's Antique Weapon Shop.
  5657 | Orc:4    | Found Suren's Jewellery Shop.
  5665 | Orc:4    | Bought a cursed ring of teleportation for 159 gold pieces
  5673 | Orc:4    | Found Maisk's General Store.
  5681 | Orc:4    | Bought a scroll of fear for 49 gold pieces
  5681 | Orc:4    | Bought a potion of degeneration for 14 gold pieces
  5995 | Lair:4   | Received a gift from Trog
  6028 | Lair:4   | Noticed a catoblepas
  6039 | Lair:4   | Killed a catoblepas
  6109 | Lair:4   | Killed a seven-headed hydra
  6208 | Lair:5   | Reached XP level 13. HP: 114/114 MP: 12/12
  6511 | Lair:5   | Reached skill level 10 in Dodging
  6546 | Lair:6   | Reached skill level 1 in Evocations
  6563 | Lair:6   | Found a staircase to the Slime Pits.
  6630 | Lair:6   | Found a deep blue altar of Sif Muna.
  6792 | Lair:4   | Noticed an eight-headed hydra
  6804 | Lair:4   | Killed a 12-headed hydra
  6879 | Lair:4   | Reached skill level 18 in Axes
  7119 | Lair:3   | Noticed Gastronok
  7130 | Lair:3   | Killed Gastronok
  7319 | Lair:3   | Received a gift from Trog
  7838 | Lair:6   | Found a staircase to the Swamp.
  7844 | Swamp:1  | Entered Level 1 of the Swamp
  7890 | Swamp:1  | Reached XP level 14. HP: 125/125 MP: 15/15
  8104 | Swamp:3  | Noticed a thorn hunter
  8176 | Swamp:3  | Killed a thorn hunter
  8455 | Swamp:4  | Entered Level 4 of the Swamp
  8455 | Swamp:4  | Noticed a thorn hunter
  8468 | Swamp:4  | Killed a thorn hunter
  8468 | Swamp:4  | Reached skill level 19 in Axes
  8628 | Swamp:4  | Reached skill level 5 in Evocations
  8831 | Swamp:4  | Noticed the 27-headed Lernaean hydra
  9182 | Swamp:4  | Got a decaying rune of Zot
  9775 | D:6      | Bought the amulet of Levity {Spirit rPois Str+3} for 665 gold pieces
 10031 | Spider:1 | Entered Level 1 of the Spider Nest
 10077 | Spider:1 | Reached XP level 15. HP: 127/134 MP: 16/18
 10101 | Spider:1 | Got a smoking ring mail
 10112 | Spider:1 | Identified the +5 ring mail of the Kraken {*Drain rC+ rN+ MR+} (You found it on level 1 of the Spider Nest)
 10567 | Spider:2 | Identified a +2 rod of ignition (10/10) (You found it on level 2 of the Spider Nest)
 10834 | Spider:3 | Reached skill level 20 in Axes
 10851 | Spider:4 | Entered Level 4 of the Spider Nest
 10996 | Spider:4 | Reached skill level 15 in Armour
 11084 | Spider:4 | Reached skill level 1 in Throwing
 11246 | Spider:4 | Received a gift from Trog
 11765 | Spider:4 | Received a gift from Trog
 11809 | Spider:4 | Reached skill level 5 in Throwing
 11825 | Spider:4 | Reached XP level 16. HP: 63/145 MP: 7/20
 11841 | Spider:4 | Got a gossamer rune of Zot
 12187 | D:11     | Noticed Maud
 12200 | D:11     | Killed Maud
 12302 | D:11     | Noticed Fannar
 12309 | D:11     | Killed Fannar
 12428 | D:11     | Found a bloodstained altar of Trog.
 12539 | D:13     | Found Buha Uck's Assorted Antiques.
 12547 | D:13     | Bought a forked lead wand for 148 gold pieces
 12611 | D:13     | Found Oveidipa's Assorted Antiques.
 12638 | D:13     | Bought a bubbling yellow potion for 21 gold pieces
 12646 | D:13     | Found a stormy altar of Qazlal.
 12649 | D:13     | Was placed under penance by Trog
 12656 | D:13     | Learned a level 6 spell: Haste
 12677 | D:13     | Found Diedgh Axkex's Antique Armour Shoppe.
 12721 | D:13     | Identified a +1 rod of shadows (10/10) (You found it on level 13 of the Dungeon)
 12972 | D:14     | Found a gate to the Vaults.
 12989 | D:14     | Was forgiven by Trog
 13037 | Vaults:1 | Entered Level 1 of the Vaults
 13131 | Vaults:1 | Received a gift from Trog
 13509 | Vaults:2 | Noticed Jorgrun
 13522 | Vaults:2 | Killed Jorgrun
 13603 | Vaults:2 | Received a gift from Trog
 13690 | Vaults:2 | Found Owohel's Food Shoppe.
 13775 | Vaults:2 | Reached XP level 17. HP: 83/154 MP: 22/22
 13929 | Vaults:2 | Noticed Norris
 13954 | Vaults:2 | Killed Norris
 13967 | Vaults:2 | Received a gift from Trog
 13967 | Vaults:2 | Reached skill level 21 in Axes
 14338 | Vaults:3 | Received a gift from Trog
 14357 | Vaults:3 | Reached skill level 15 in Fighting
 14508 | Vaults:3 | Received a gift from Trog
 14696 | Vaults:3 | Noticed Margery
 14705 | Vaults:3 | Killed Margery
 15160 | Vaults:3 | Received a gift from Trog
 15232 | Vaults:3 | Received a gift from Trog
 15463 | Vaults:3 | Reached skill level 10 in Evocations
 15468 | Vaults:3 | Received a gift from Trog
 15607 | Vaults:4 | Found Qanogoott's Gadget Shoppe.
 15632 | Vaults:4 | Reached XP level 18. HP: 162/166 MP: 24/24
 15683 | Vaults:4 | Reached skill level 22 in Axes
 15959 | Vaults:2 | Noticed Aizul
 15973 | Vaults:2 | Killed Aizul
 16077 | Vaults:2 | Found a staircase to the Crypt.
 16421 | Elf:1    | Entered Level 1 of the Elven Halls
 16518 | Elf:1    | Received a gift from Trog
 16575 | Elf:1    | Identified Olgreb's Tome of Contamination and Battle Magic
 16726 | Elf:1    | Found Hickobon's Gadget Emporium.
 17045 | Elf:2    | Received a gift from Trog
 17096 | Elf:2    | Found Kausme's Distillery.
 17122 | Elf:2    | Bought a potion of mutation for 32 gold pieces
 17122 | Elf:2    | Bought a potion of cure mutation for 455 gold pieces
 17124 | Elf:2    | Gained mutation: You have a pair of large horns on your head. [potion of mutation]
 17124 | Elf:2    | Gained mutation: You are dopey. (Int -2) [potion of mutation]
 17124 | Elf:2    | Gained mutation: Your body sometimes deteriorates upon taking damage. [potion of mutation]
 17126 | Elf:2    | Lost mutation: You have a pair of large horns on your head. [potion of cure mutation]
 17126 | Elf:2    | Lost mutation: Your body sometimes deteriorates upon taking damage. [potion of cure mutation]
 17126 | Elf:2    | Lost mutation: You are dopey. (Int -2) [potion of cure mutation]
 17243 | Elf:2    | Received a gift from Trog
 17317 | Elf:2    | Found Bytidas's Weapon Boutique.
 17360 | Elf:2    | Found Wakoh's Food Shop.
 17415 | Elf:2    | Found a runed gate.
 17415 | Elf:2    | Found a runed gate.
 17415 | Elf:2    | Found a runed gate.
 17657 | Elf:3    | Entered Level 3 of the Elven Halls
 17847 | Elf:3    | Received a gift from Trog
 17933 | Elf:3    | Reached skill level 23 in Axes
 17933 | Elf:3    | Reached XP level 19. HP: 145/174 MP: 26/26
 18078 | Elf:3    | Reached skill level 15 in Dodging
 18372 | Elf:3    | Received a gift from Trog
 18520 | Elf:3    | Got a pair of polished boots
 18531 | Elf:3    | Identified the cursed +0 pair of boots of Inerem {Regen+} (You found it on level 3 of the Elven Halls)
 18534 | Elf:3    | Got a smelly chain mail
 18545 | Elf:3    | Identified the +12 chain mail of the Volcano {rElec rPois Str-3 Dex-5} (You found it on level 3 of the Elven Halls)
 18653 | Elf:3    | Identified a +2 rod of the swarm (9/9) (You found it on level 3 of the Elven Halls)
 19125 | D:15     | Entered Level 15 of the Dungeon
 19166 | D:15     | Found a radiant altar of Vehumet.
 19248 | D:15     | Received a gift from Trog
 19311 | D:15     | Found a staircase to the Depths.
 19328 | Depths:1 | Entered Level 1 of the Depths
 19332 | Depths:1 | Found a one-way gate to the infinite horrors of the Abyss.
 19336 | Depths:1 | Found a huge runed gate.
 19336 | Depths:1 | Found a huge runed gate.
 19336 | Depths:1 | Found a huge runed gate.
 19336 | Depths:1 | Found a huge runed gate.
 19336 | Depths:1 | Found a huge runed gate.
 19336 | Depths:1 | Found a huge runed gate.
 19342 | Depths:1 | Found a huge runed gate.
 19342 | Depths:1 | Found a huge runed gate.
 19342 | Depths:1 | Found a huge runed gate.
 19342 | Depths:1 | Found a huge runed gate.
 19342 | Depths:1 | Found a huge runed gate.
 19342 | Depths:1 | Found a huge runed gate.
 19342 | Depths:1 | Found a huge runed gate.
 19343 | Depths:1 | Found a huge runed gate.
 19367 | Depths:1 | Reached skill level 24 in Axes
 19370 | Depths:1 | Noticed asdu's ghost (powerful SpEn)
 19713 | Slime:1  | Entered Level 1 of the Pits of Slime
 19751 | Slime:1  | Received a gift from Trog
 19817 | Slime:3  | Noticed DizzySkin's ghost (mighty MiMo)
 19875 | Slime:3  | Received a gift from Trog
 19883 | Slime:3  | Killed DizzySkin's ghost
 19979 | Slime:4  | Gained mutation: You are clumsy. (Dex -2) [a shining eye]
 19980 | Slime:4  | Gained mutation: Your body sometimes deteriorates upon taking damage. [a shining eye]
 20023 | Slime:4  | Gained mutation: You are occasionally teleported to nearby monsters. [a shining eye]
 20084 | Slime:6  | Entered Level 6 of the Pits of Slime
 20103 | Slime:6  | Reached XP level 20. HP: 164/182 MP: 27/27
 20131 | Slime:6  | Noticed the royal jelly
 20299 | Slime:6  | Received a gift from Trog
 20309 | Slime:6  | Killed the royal jelly
 20309 | Slime:6  | Reached skill level 25 in Axes
 20349 | Slime:6  | Got a slimy rune of Zot
 20354 | Slime:6  | Identified Sif Muna's Catalogue of Attacks and Lightness
 20529 | Slime:4  | Noticed a golden dragon
 20529 | Slime:4  | an acid blob changed into a golden dragon
 20533 | Slime:4  | Killed a golden dragon
 20930 | D:6      | Found a bloodstained altar of Trog.
 20983 | D:6      | Found a shimmering altar of Xom.
 20984 | D:6      | Found a burning altar of Makhleb.
 21026 | D:5      | Found a staircase to the Ecumenical Temple.
 21036 | Temple   | Entered the Ecumenical Temple
 21043 | D:5      | Found a shadowy altar of Dithmenos.
 21289 | D:9      | Fell from the grace of Trog
 21289 | D:9      | Became a worshipper of Zin the Law-Giver
 21289 | D:9      | Acquired Zin's first power
 21289 | D:9      | Acquired Zin's second power
 21300 | D:9      | Donated 424 gold pieces to Zin
 21344 | D:9      | Acquired Zin's third power
 21394 | D:8      | Bought a glowing cloak for 108 gold pieces
 21770 | D:15     | Got a ring of the Octopus King
 21771 | D:15     | Identified a ring of the Octopus King {MP+9 AC+1 EV+1 Str+1 Int+1 Dex+1} (You took it off a crimson imp on level 15 of the Dungeon)
 21821 | D:15     | Reached skill level 1 in Invocations
 21851 | D:15     | Upgraded the game from 0.17-a0-1880-gacf7e67 to 0.17-a0-1882-g750edc8
 21853 | D:15     | Learned a level 1 spell: Apportation
 21856 | D:15     | Learned a level 2 spell: Blink
 21902 | D:15     | Cast into the Abyss (a lich)
 21923 | Abyss:1  | Donated 170 gold pieces to Zin
 22087 | Abyss:3  | Found a corrupted altar of Lugonu.
 22339 | Abyss:3  | Reached skill level 1 in Translocations
 22385 | Abyss:3  | Found a snail-covered altar of Cheibriados.
 22562 | Abyss:3  | Found a corrupted altar of Lugonu.
 22689 | Abyss:5  | Entered Level 5 of the Abyss
 22693 | Abyss:5  | Donated 172 gold pieces to Zin
 22694 | Abyss:5  | Donated 86 gold pieces to Zin
 22746 | Abyss:5  | Found a corrupted altar of Lugonu.
 22762 | Abyss:5  | Found a corrupted altar of Lugonu.
 22845 | Abyss:5  | Found a corrupted altar of Lugonu.
 22882 | Abyss:5  | Acquired Zin's fourth power
 23005 | Abyss:5  | Reached skill level 5 in Translocations
 23074 | Abyss:5  | Reached XP level 21. HP: 105/194 MP: 29/29
 23079 | Abyss:5  | Got an abyssal rune of Zot
 23089 | Abyss:5  | Found a corrupted altar of Lugonu.
 23101 | Abyss:5  | Found a corrupted altar of Lugonu.
 23281 | D:15     | Escaped the Abyss
 23423 | D:15     | Donated 124 gold pieces to Zin
 23461 | D:15     | Got a faintly glowing platinum ring
 23463 | D:15     | Identified the ring "Vara" {Wiz rN+ Int+4} (You found it on level 15 of the Dungeon)
 23474 | D:15     | Found a bloodstained altar of Trog.
 23521 | D:15     | Received a gift from Zin
 23521 | D:15     | Lost mutation: You are clumsy. (Dex -2) [Zin's power]
 23521 | D:15     | Lost mutation: Your body sometimes deteriorates upon taking damage. [Zin's power]
 23521 | D:15     | Lost mutation: You are occasionally teleported to nearby monsters. [Zin's power]
 23776 | Temple   | Fell from the grace of Zin
 23776 | Temple   | Became a worshipper of the Shining One
 23776 | Temple   | Acquired the Shining One's first power
 23776 | Temple   | Acquired the Shining One's second power
 24220 | Crypt:1  | Entered Level 1 of the Crypt
 24298 | Crypt:1  | Got a shimmering scale mail
 24309 | Crypt:1  | Identified the +0 scale mail of Igadihim {MR- Regen+ MP+9 Dex+2} (You acquired it on level 1 of the Crypt)
 24342 | Crypt:1  | Found a runed gate.
 24343 | Crypt:1  | Found a runed gate.
 24343 | Crypt:1  | Found a runed gate.
 24349 | Crypt:1  | Acquired the Shining One's third power
 24433 | Crypt:1  | Acquired the Shining One's fourth power
 24640 | Crypt:3  | Entered Level 3 of the Crypt
 24760 | Crypt:3  | Noticed Frederick
 24769 | Crypt:3  | Killed Frederick
 24769 | Crypt:3  | Reached skill level 26 in Axes
 24864 | Crypt:3  | Reached skill level 5 in Invocations
 24892 | Crypt:3  | Identified a +9 executioner's axe of holy wrath (a +9 executioner's axe of chaos blessed by the Shining One)
 24892 | Crypt:3  | Received a gift from the Shining One
 25173 | Crypt:3  | Found a staircase to the Tomb.
 25173 | Crypt:3  | Noticed Khufu
 25173 | Crypt:3  | Noticed a greater mummy
 25175 | Crypt:3  | Noticed an ancient lich
 25185 | Crypt:3  | Killed a greater mummy
 25188 | Crypt:3  | Killed Khufu
 25192 | Crypt:3  | The Shining One protects you from harm!
 25195 | Crypt:3  | Killed from afar by an ancient lich

Dungeon Overview and Level Annotations

Branches:
Dungeon (15/15)            Temple (1/1) D:5            Lair (6/8) D:10
  Swamp (4/4) Lair:6       Spider (4/4) Lair:4        Slime (6/6) Lair:6
    Orc (4/4) D:9             Elf (3/3) Orc:3        Vaults (4/5) D:14
  Crypt (3/3) Vaults:2       Tomb (0/3) Crypt:3      Depths (1/5) D:15

Altars:
Ashenzari
Cheibriados
Dithmenos
Elyvilon
Gozag
Makhleb
Nemelex Xobeh
Okawaru
Qazlal
Sif Muna
Trog
Vehumet
Xom
Yredelemnul
Zin
The Shining One
Beogh

Shops:
D:6 =   D:8 *[   D:9 ?   D:13 *[*   Orc:2 !   Orc:4 ([*=   Elf:1 }   Elf:2 (%!
Vaults:2 %   Vaults:4 }

Portals:
Abyss: Depths:1

Annotations:
Swamp:4 Lernaean hydra
Depths:1 asdu's ghost, powerful SpEn


Message History

Okay, then.
Evoke which item? (* to show all) (? for menu, Esc to quit)
Zapping:
I - a wand of heal wounds (2)
Press: ? - help, Shift-Dir - straight line, f - you You feel much better.
This wand has 1 charge left.
The ancient lich casts a spell at you. The crystal spear hits you!
The Shining One protects you from harm!
Evoke which item? (* to show all) (? for menu, Esc to quit)
Okay, then.
Use which ability?
The golden flame engulfs you! You resist.
The golden flame engulfs the ancient lich.
The ancient lich writhes in agony!
The ancient lich is severely damaged.
You feel somewhat more hungry.
You hear a shout!
The ancient lich gestures next to you while chanting.
The wall shatters!
The blast of rock fragments hits you! The ancient lich casts a spell at you.
The bolt of acid misses you. The reaper closely misses you.
Unknown command.
Unknown command.
Use which ability?
You fail to use your ability.
The ancient lich points at you and mumbles some strange words.
The crystal spear misses you. The ancient lich casts a spell at you.
The iron shot hits you! The reaper misses you.
Use which ability?
The golden flame engulfs you! You resist.
The golden flame engulfs the ancient lich.
The ancient lich writhes in agony!
The ancient lich is almost destroyed.
The golden flame engulfs the reaper.
The reaper writhes in agony!
The reaper is moderately wounded.
You feel somewhat more hungry.
The ancient lich points at you and mumbles some strange words.
The fireball explodes!
The fireball engulfs you!
You die...

You could see an ancient lich and a reaper.

Vanquished Creatures
  the royal jelly (Slime:6)
  Khufu (Crypt:3)
  A greater mummy (Crypt:3)
  Margery (Vaults:3)
  Norris (Vaults:2)
  A golden dragon (Slime:4)
  Jorgrun (Vaults:2)
  7 liches
  The ghost of DizzySkin the Warrior, a mighty MiMo of Qazlal (Slime:3)
  A deep elf blademaster (Elf:3)
  14 acid blobs
  3 deep elf master archers (Elf:3)
  2 tentacled starspawn (Abyss:3)
  7 large abominations
  A sphinx (Vaults:3)
  A kraken (Abyss:5)
  Gastronok (Lair:3)
  2 thorn hunters
  A shadow dragon (D:15)
  12 azure jellies
  2 revenants
  2 fire giants (D:15)
  Maud (D:11)
  2 orc warlords
  Aizul (Vaults:2)
  7 deep elf sorcerers (Elf:3)
  5 emperor scorpions
  4 vault wardens
  2 ghost moths (Spider:4)
  7 ironheart preservers
  4 stone giants
  2 vampire knights (Crypt:3)
  2 reapers
  A war gargoyle (Crypt:3)
  6 deep elf demonologists (Elf:3)
  13 deep elf annihilators
  A lorocyproca (Abyss:5)
  2 eidola
  9 deep elf death magi
  Snorg (Lair:3)
  7 death oozes
  A green death (Crypt:1)
  9 vault guards
  11 great orbs of eyes
  A fire dragon (Vaults:3)
  A quicksilver dragon zombie (Crypt:3)
  4 yaktaur captains
  5 jiangshi
  5 deep elf high priests (Elf:3)
  13 hydras
  A rakshasa (Vaults:2)
  Fannar (D:11)
  A spriggan air mage (Depths:1)
  A quicksilver dragon skeleton (Crypt:3)
  2 entropy weavers (Spider:1)
  Erolcha (Orc:2)
  6 centaur warriors
  2 ghost crabs (Swamp:4)
  A catoblepas (Lair:4)
  An anaconda (Slime:5)
  9 dancing weapons (Elf:2)
  An alligator snapping turtle (Slime:6)
  2 deep troll earth magi
  10 ogre magi
  2 alligators
  5 deep troll shamans
  A death yak (Lair:6)
  A soul eater (Crypt:1)
  4 vampire magi
  2 orc high priests
  A storm dragon zombie (Abyss:3)
  10 thrashing horrors
  2 tengu warriors (D:15)
  12 deep elf knights
  4 wretched stars
  A fire crab (Vaults:3)
  A titan skeleton (Crypt:3)
  2 iron trolls
  A shadow wraith (Crypt:1)
  A death drake (Elf:1)
  9 skeletal warriors
  An unseen horror (shapeshifter) (D:15)
  3 unseen horrors
  2 spatial maelstroms
  2 flayed ghosts
  2 spriggan druids
  The ghost of nago the Summoner, an experienced VSSu of Ashenzari (D:9)
  6 deep elf summoners
  A sea snake (Elf:1)
  A wizard (Vaults:2)
  2 hell knights (Vaults:3)
  An anaconda zombie (Crypt:3)
  9 deep trolls
  3 hill giants
  2 giant orange brains
  2 necromancers
  8 swamp dragons
  2 ice statues (IceCv)
  8 orc knights
  18 ugly things
  5 harpies (Vaults:3)
  7 orb spiders
  A lindwurm (shapeshifter) (Vaults:2)
  4 phantasmal warriors (Crypt:3)
  A sixfirhy (Abyss:5)
  20 deep elf conjurers
  12 wolf spiders
  2 manticores (D:15)
  6 ironbrand convokers
  9 hornets
  2 mana vipers
  2 worldbinders
  3 griffons
  2 salamanders (shapeshifter)
  3 orc sorcerers
  9 elephants (Lair:6)
  6 fire giant skeletons
  An eye of devastation (Slime:5)
  5 cyclopes
  7 vault sentinels
  4 moths of wrath
  4 black mambas
  A centaur zombie (D:15)
  Psyche (D:10)
  2 torpor snails
  10 spiny frogs
  24 yaktaurs
  3 smoke demons
  3 centaur skeletons
  4 gargoyles (Crypt:3)
  6 komodo dragons
  A spiny frog (shapeshifter) (D:14)
  A hellion (Abyss:5)
  4 demonic crawlers
  An alligator snapping turtle skeleton (Crypt:1)
  An efreet (Abyss:5)
  5 ancient zymes
  An anaconda simulacrum (Abyss:5)
  A fire drake (Swamp:4)
  2 yaktaur skeletons (Vaults:2)
  13 jumping spiders
  3 tengu conjurers
  2 trolls (shapeshifter)
  A hydra zombie (Crypt:3)
  13 deep elf priests
  5 trolls
  A tengu simulacrum (Vaults:3)
  10 blue devils (IceCv)
  A polar bear (Lair:5)
  26 blink frogs
  A hellwing (Abyss:5)
  A giant leech (Swamp:2)
  17 two-headed ogres
  A bog body (Swamp:4)
  4 boulder beetles
  79 slime creatures
  A hydra skeleton (Crypt:3)
  11 raiju
  A fire dragon zombie (Crypt:3)
  A freezing wraith (Crypt:3)
  An ice dragon zombie (Crypt:3)
  A tarantella (shapeshifter) (Elf:1)
  2 fire dragon skeletons (Crypt:3)
  33 yaks
  14 tarantellas
  15 trapdoor spiders
  3 ice dragon skeletons
  An ettin skeleton (Vaults:2)
  35 redbacks
  A human (Spider:4)
  8 wraiths
  6 vampires
  A wyvern (D:9)
  2 ynoxinuls (Abyss:3)
  7 shadows
  6 spriggans
  A basilisk (Lair:5)
  10 hippogriffs
  Eustachio (D:4)
  A wyvern (shapeshifter) (Vaults:3)
  25 deep elf magi
  2 neqoxecs
  3 hungry ghosts
  4 golden eyes
  A golden eye (shapeshifter) (Vaults:1)
  A yak (shapeshifter) (Vaults:2)
  37 deep elf fighters
  14 vampire mosquitoes
  3 chaos spawn
  2 spatial vortices (Abyss:5)
  Edmund (D:4)
  11 swamp worms
  16 wolves
  16 insubstantial wisps
  A gelid demonspawn zombie (Crypt:1)
  12 water moccasins
  A merfolk skeleton (Crypt:1)
  24 orc warriors
  7 swamp drakes
  5 porcupines
  2 wargs
  26 spiders
  11 centaurs
  A phantom (Crypt:1)
  2 sky beasts
  6 black bears
  7 wasps
  3 ice beasts
  38 ogres
  An orc skeleton (Vaults:2)
  2 eyes of draining
  9 boggarts
  5 crocodiles
  A komodo dragon zombie (Crypt:1)
  2 brain worms
  8 big kobolds (Abyss:5)
  13 giant frogs
  5 human skeletons (Vaults:2)
  3 small abominations
  A scorpion (Crypt:1)
  3 wights (Crypt:1)
  A yak zombie (Crypt:1)
  12 killer bees
  7 crimson imps
  2 electric eels
  5 hounds
  A human simulacrum (Vaults:3)
  19 orc priests
  19 jellies
  23 orc wizards
  3 quasits
  6 iguanas
  A hell rat (Crypt:1)
  A troll simulacrum (Abyss:5)
  7 worker ants
  7 sheep (Lair:4)
  A hound skeleton (D:7)
  2 mummies (Crypt:3)
  2 worker ant zombies (D:9)
  64 river rats
  6 adders
  A steam dragon skeleton (Crypt:1)
  2 shadow imps
  2 ufetubi (Abyss:3)
  An adder zombie (D:6)
  An adder skeleton (D:5)
  A worm (D:3)
  4 giant geckos
  93 orcs
  8 ball pythons
  A hobgoblin (D:7)
  6 jackals
  17 kobolds
  4 quokkas
  A bat (D:2)
  3 giant cockroaches
  2 giant gecko skeletons
  A giant gecko zombie (D:8)
  6 giant newts
  2 goblins
  A kobold zombie (Crypt:1)
  20 rats
  2 crawling corpses (Elf:1)
  2 fungi (Lair:6)
  A plant (Lair:6)
  A starspawn tentacle (Abyss:3)
1597 creatures vanquished.

Vanquished Creatures (collateral kills)
  Frederick (Crypt:3)
  An acid blob (Slime:5)
  A deep elf blademaster (Elf:3)
  A storm dragon (Depths:1)
  An emperor scorpion (Spider:4)
  A stone giant (Vaults:2)
  2 vampire knights (Depths:1)
  A deep elf annihilator (Elf:3)
  A fire dragon (Depths:1)
  An entropy weaver (Depths:1)
  2 yaktaur captains (Depths:1)
  3 hydras
  2 alligators (Swamp:1)
  Urug (Orc:4)
  A deep elf knight (Elf:2)
  A giant orange brain (Vaults:2)
  3 swamp dragons
  A phantasmal warrior (Crypt:3)
  A necromancer (Vaults:3)
  An orc knight (Orc:4)
  2 shining eyes
  5 yaktaurs (Vaults:3)
  A silent spectre (Abyss:5)
  A fire drake (Swamp:4)
  2 two-headed ogres
  A giant leech (Swamp:3)
  A boulder beetle (Lair:5)
  A slime creature (Slime:1)
  3 blink frogs (Lair:4)
  A shadow (Swamp:4)
  3 golden eyes (Slime:1)
  A warg (Orc:3)
  3 vampire mosquitoes (Swamp:3)
  A swamp worm (Swamp:3)
  4 spiders (Lair:4)
  8 orc warriors (Orc:4)
  An eye of draining (Slime:1)
  An ogre (Depths:1)
  4 orc priests (Orc:4)
  A jelly (Slime:3)
  9 orcs (Orc:4)
81 creatures vanquished.

Vanquished Creatures (others)
  2 spriggan druids
  A hornet (Crypt:1)
  2 large abominations (Abyss:5)
  A deep elf mage (Elf:1)
  A spriggan (Swamp:3)
  A deep elf fighter (Vaults:4)
  A swamp worm (shapeshifter) (Abyss:3)
  An ogre (Vaults:2)
  A centaur (Vaults:4)
  A briar patch (Swamp:1)
  A fire vortex (Abyss:3)
  3 fungi
  4 lost souls
  2 lurking horrors
  A plant (Lair:6)
  5 starspawn tentacles
  47 starspawn tentacle segments
  4 tentacles (Abyss:5)
79 creatures vanquished.

Grand Total: 1757 creatures vanquished

Action                   |  1- 3 |  4- 6 |  7- 9 | 10-12 | 13-15 | 16-18 | 19-21 || total
-------------------------+-------+-------+-------+-------+-------+-------+-------++-------
Melee: Hand axe          |    50 |    54 |    88 |       |       |       |       ||   192
       War axe           |       |       |   146 |   461 |       |       |       ||   607
       Battleaxe         |       |       |       |   122 |   837 |  1213 |   830 ||  3002
       Executioner's axe |       |       |       |       |       |    10 |   352 ||   362
       Unarmed           |       |       |       |       |       |       |     4 ||     4
Throw: Javelin           |       |       |       |       |       |       |    13 ||    13
 Cast: Apportation       |       |       |       |       |       |       |     1 ||     1
       Blink             |       |       |       |       |       |       |     4 ||     4
Invok: Berserk           |     2 |     2 |    10 |    13 |    18 |     3 |     3 ||    51
       Trog's Hand       |       |       |     1 |     3 |       |     3 |     8 ||    15
       Brothers in Arms  |       |       |       |    10 |    14 |     1 |     5 ||    30
       Burn Spellbooks   |       |       |       |     1 |       |     3 |     6 ||    10
       Donate Gold       |       |       |       |       |       |       |     5 ||     5
       Recite            |       |       |       |       |       |       |     1 ||     1
       Cleansing Flame   |       |       |       |       |       |       |     3 ||     3
       Divine Shield     |       |       |       |       |       |       |     2 ||     2
       Cure All Mutation |       |       |       |       |       |       |     1 ||     1
       Brand Weapon With |       |       |       |       |       |       |     1 ||     1
 Abil: Evoke Teleportati |       |       |       |       |       |       |    33 ||    33
Evoke: Wand              |       |       |       |     6 |    10 |     5 |    18 ||    39
       Lamp of fire      |       |       |       |       |     4 |     4 |     6 ||    14
       Deck              |       |       |       |       |     3 |     2 |     2 ||     7
       Rod               |       |       |       |       |       |     3 |     1 ||     4
       Sack of spiders   |       |       |       |       |       |     4 |     7 ||    11
       Box of beasts     |       |       |       |       |       |       |     3 ||     3
       Phantom mirror    |       |       |       |       |       |       |     4 ||     4
  Use: Scroll            |       |       |    10 |    16 |    19 |     7 |    44 ||    96
       Potion            |       |       |       |     2 |    15 |     8 |    13 ||    38
 Stab: Paralysed         |       |       |       |     6 |     4 |       |     5 ||    15
       Invisible         |       |       |       |       |     5 |       |       ||     5
       Distracted        |       |       |       |       |       |     2 |     2 ||     4
       Held in net/web   |       |       |       |       |       |     1 |     1 ||     2
       Petrified         |       |       |       |       |       |       |     3 ||     3
       Confused          |       |       |       |       |       |       |     3 ||     3
       Petrifying        |       |       |       |       |       |       |     2 ||     2
  Eat: Chunk             |       |     3 |    12 |    20 |    38 |    25 |    10 ||   108
       Fruit             |       |       |     2 |     1 |     2 |     2 |     5 ||    12
       Bread ration      |       |       |     1 |     2 |     3 |     2 |     1 ||     9
       Beef jerky        |       |       |       |     1 |       |     2 |     1 ||     4
       Meat ration       |       |       |       |       |       |       |     5 ||     5
       Pizza             |       |       |       |       |       |       |     4 ||     4

Vault maps used:
D:1:      minmay_arrival_checkered_box, minmay_quantized
D:2:      led_sif_pool
D:3:      grunt_temple_overflow_open, first_bread, minmay_gold_behind_fungi
D:4:      uniq_eustachio, uniq_edmund
D:5:      lemuel_crystal_altar, minmay_temple_entry_crystal_x,
          uniq_blork_the_orc
D:6:      grunt_temple_overflow_champion_of_chaos, lemuel_crystal_altar,
          serial_shops, kennysheep_mini_moat, gup_sewer_entry_bubbles
D:7:      vehumet_altar_wand_db
D:8:      enter_ossuary_1, serial_shops, shop_statue, shop,
          kennysheep_little_box, nicolae_shop_stone
D:9:      grunt_temple_overflow_gold_and_silver, minmay_orc_entry_temple_small,
          serial_shops, shop
D:10:     lair_0_dummy, hangedman_fish_farm, uniq_erica, uniq_harold,
          uniq_psyche
D:11:     lemuel_ice_statue, special_room, basic_altar, uniq_fannar, uniq_maud
D:12:     uniq_rupert
D:13:     serial_shops, shop, nicolae_shop_window_shopping, shop_statue,
          nicolae_shop_window_shopping, shop, nicolae_trove_entry_path_of_doom,
          grunt_qazlal_sundering
D:14:     lightli_vaults_fourway_checkpoint, minmay_nine_imps
D:15:     hangedman_spin_cycle
Temple:   minmay_temple_bridge_a_8
Lair:1:   portal_ice_cave_entry_pillars_01
Lair:2:   serial_bayou_shore_a
Lair:3:   minivault_11, uniq_snorg, uniq_gastronok
Lair:4:   spider_nest_entry_a
Lair:5:   forest_entry_grove, grunt_megastairs_2
Lair:6:   nicolae_swamp_entry_splash_gauntlet, minmay_slime_entry_pillars,
          lemuel_centaur_altar
Swamp:1:  infiniplex_staircase_pool, swamp_pool2
Swamp:2:  nicolae_swamp_very_dense_foliage
Swamp:3:  serial_swamp_ruin, hangedman_swamp_ruin_wall,
          evilmike_swamp_ruin_house_3, evilmike_swamp_ruin_house_2
Swamp:4:  swamp_alternative
Spider:1: spider_trap
Spider:3: spider_trap, nicolae_orb_island
Spider:4: spider_rune_water
Slime:4:  cheibrodos_slime_lost_civilization_2
Slime:5:  nicolae_slime_barrier
Orc:2:    serial_shops, shop, uniq_erolcha
Orc:3:    nicolae_orc_pool_cavern
Orc:4:    grunt_orc_cross
Elf:1:    eino_elf_arrival_sip, serial_shops, shop_statue,
          minmay_elf_annihilation, grunt_ministairs_6, spider_trap,
          hangedman_research_toxicology
Elf:2:    serial_shops, shop, shop_coins, nicolae_shop_behind_doors, shop,
          minmay_misc_feat_rows, grunt_ministairs_5, nicolae_elf_big_sculpture_3
Elf:3:    minmay_elf_hall_four_x
Vaults:1: hangedman_vaults_variations, grunt_vaults_hallway_short,
          vaults_mumra_minichess_inversion, vaults_dpeg_cross,
          hangedman_vaults_capsules, st_lattice, grunt_vaults_hallway_short,
          nicolae_vaults_asterisk, hangedman_vaults_stretched_pinwheel,
          grunt_vaults_funnel, serial_shops, shop
Vaults:2: nicolae_vaults_ring_of_whatevers, ontoclasm_vaults_loading_screen,
          vaults_standard_mumra_x, v_misc_24, nicolae_vaults_mini_display_case,
          minmay_crypt_entry_skeletal_spiral, v_misc_28,
          hangedman_vaults_stagger, nicolae_vaults_gold_heap, serial_shops,
          shop, uniq_aizul, uniq_jorgrun, uniq_norris
Vaults:3: nicolae_vaults_quartermaster, v_misc_12, v_rooms_6, v_misc_25,
          v_misc_10, hangedman_vaults_unwind, nicolae_vaults_little_squares_1,
          vaults_room_door_hall, vaults_room_semicircle, v_misc_28,
          ontoclasm_vaults_fault, nicolae_vaults_rhombus_6,
          vaults_room_door_ring, uniq_margery
Vaults:4: serial_ice_h, vaults_room_octagon, nicolae_vaults_ninety_degrees,
          vaults_mumra_minichess, v_alt_pattern_3, nicolae_vaults_shelves_hall,
          ontoclasm_vaults_gallery, v_misc_23, hangedman_vaults_river_flow,
          v_misc_5, vaults_dpeg_hooks, vaults_room_pools,
          ontoclasm_vaults_hangar, v_misc_25, hangedman_vaults_nails,
          serial_shops, shop_statue, uniq_sojobo
Crypt:1:  pandoras_box_mu, grunt_crypt_arrival_split, grunt_megastairs_1
Crypt:2:  serial_sigils_hangedman_scratch
Crypt:3:  quadcrypt_mu, uniq_frederick, uniq_khufu
Depths:1: serial_shops, nicolae_shop_statue_plus, abyss_entry, hell_entry,
          door_vault, uniq_mara
Abyss:3:  nicolae_abyss_rune_more_like_crabyss
Abyss:4:  abyss_rune_water_cross, evilmike_abyss_exit_smiterflies
Abyss:5:  bh_abyss_exit_grid, hangedman_abyss_or_decor_stagger,
          nicolae_abyss_rune_left_handed
Sewer:    sewer_minmay_treatment
IceCv:    ice_cave_tombish
